 Dungeon Crawl Stone Soup version 0.28-a0-861-ge64d6db94f (webtiles) character file.

Game seed: 9869320279731891731

5 meatgazer the Skirmisher (level 1, -11/18 HPs)
             Began as a Demonspawn Abyssal Knight on Nov 15, 2021.
             Was a Follower of Lugonu.
             Killed from afar by a wretched star (29 damage)
             ... with a lance of force
             ... on level 1 of the Abyss.
             The game lasted 00:00:17 (117 turns).

meatgazer the Skirmisher (Demonspawn Abyssal Knight) Turns: 117, Time: 00:00:18

Health: -11/18     AC:  3    Str: 13    XL:     1   Next: 66%
Magic:  2/2        EV: 11    Int: 11    God:    Lugonu [*.....]
Gold:   0          SH:  0    Dex: 13    Spells: 0/0 levels left

rFire   . . .      SeeInvis .   a - +1 spear
rCold   . . .      Faith    .   (no shield)
rNeg    . . .      Spirit   .   b - +0 leather armour
rPois   .          Reflect  .   (no helmet)
rElec   .          Harm     .   (no cloak)
rCorr   .          Rampage  .   (no gloves)
Will    .....                   (no boots)
Stlth   +.........              (no amulet)
HPRegen 0.06/turn               (no ring)
MPRegen 0.08/turn               (no ring)

@: no status effects
A: no striking features
a: Renounce Religion, Depart the Abyss


You were on level 1 of the Abyss.
You worshipped Lugonu.
Lugonu was aware of your devotion.
You visited 0 branches of the dungeon, and saw 0 of its levels.
You visited the Abyss 1 time.

Inventory:

Hand Weapons
 a - a +1 spear (weapon)
Armour
 b - a +0 leather armour (worn)


   Skills:
 + Level 3.2 Fighting
 + Level 1.8 Polearms
 + Level 1.8 Armour
 + Level 0.8 Dodging
 + Level 2.5 Invocations


You couldn't memorise any spells.
You didn't know any spells.
Your spell library was empty.

Dungeon Overview and Level Annotations

Branches:
Dungeon (0/15)

Altars:


Message History

Reach: a) +1 spear
Press: ? - help, Dir - move target You swing at nothing.
Reach: a) +1 spear
Press: ? - help, Dir - move target, f - ufetubus
Aim: an ufetubus (about 56% to evade your +1 spear)
You reach to attack!
You barely miss the ufetubus.
Reach: a) +1 spear
Press: ? - help, Dir - move target, f/p - ufetubus
Aim: an ufetubus (about 56% to evade your +1 spear)
You hit the ufetubus.
The ufetubus is moderately wounded.
The ufetubus hits you but does no damage. x4
You closely miss the ufetubus.
The ufetubus is moderately wounded.
The ufetubus hits you but does no damage. x2
You hit the ufetubus.
You kill the ufetubus!
You cannot move.
You cannot move.
You cannot move.
You cannot move.
You cannot move.
You cannot move.
You cannot move.
You cannot move.
You cannot move.
You cannot move.
You start waiting.
Your transformation is almost over.
You start waiting.
You feel less wooden.
Your +0 leather armour unmelds from your body.
You start waiting.
A wretched star comes into view.
A wretched star is nearby!
The wretched star glows turbulently.
The lance of force hits you!!
Ouch! That really hurt!
You die...

#. # ## # .##.###
.# . #..## #.# #
#...# ..# #
#...#####.## .
#...#.#.# ####
#..#*..#..#### #.
. ##...#@......# ≈
≈≈≈≈≈##..###...###
≈#.# #### #.# ≈ #
≈ .## . ≈# . #.# #
... ## ## ## # #


You could see a wretched star.

Vanquished Creatures
  An ufetubus (Abyss:1)
1 creature vanquished.

Notes
Turn   | Place    | Note
-------+----------+-------------------------------------------
     0 | Abyss:1  | meatgazer the Demonspawn Abyssal Knight began the quest for
                  | the Orb.
     0 | Abyss:1  | Reached XP level 1. HP: 18/18 MP: 2/2
   114 | Abyss:1  | Noticed a wretched star
   117 | Abyss:1  | Killed from afar by a wretched star

Illustrated notes

Levels and vault maps discovered:
Abyss:1:  base: Temple, base:
Temple

Action                   || total
-------------------------++-------
Melee: Spear             ||     4
  Use: Potion            ||     1
Armor: Skin              ||     6

Table legend: (Time is in decaauts)
 A = Elapsed time spent in this place.
 B = Non-inter-level travel time spent in this place.
 C = Inter-level travel time spent in this place.
 D = Time resting spent in this place.
 E = Time spent auto-exploring this place.
 F = Levels seen in this place.
 G = Mean time per level.
                   A        B        C        D        E       F      G
               +--------+--------+--------+--------+--------+-----+--------+
         Total |    120 |    120 |      0 |     50 |     57 |   1 |  120.0 |
         Abyss |    120 |    120 |      0 |     50 |     57 |   1 |  120.0 |
               +--------+--------+--------+--------+--------+-----+--------+

Top non-repeatable levels by time:
 Abyss:1: 120 daAuts
